 Dungeon Crawl Stone Soup version 0.28-b1-25-g9875b3fc8c (webtiles) character file.

Game seed: 8850989332529718079

352 mcbry74 the Ruffian (level 6, -10/55 HPs)
             Began as a Troll Gladiator on Feb 5, 2022.
             Was a Priest of Kikubaaqudgha.
             Mangled by an ogre (30 damage)
             ... on level 4 of the Dungeon.
             The game lasted 00:11:34 (2632 turns).

mcbry74 the Ruffian (Troll Gladiator)               Turns: 2632, Time: 00:11:34

Health: -10/55     AC:  4    Str: 23    XL:     6   Next: 34%
Magic:  1/5        EV: 10    Int:  6    God:    Kikubaaqudgha [***...]
Gold:   131        SH:  0    Dex: 11    Spells: 3/5 levels left

rFire   . . .      SeeInvis .     - Unarmed
rCold   . . .      Faith    .   (no shield)
rNeg    . . .      Spirit   .   a - +0 robe
rPois   .          Reflect  .   b - +0 hat
rElec   .          Harm     .   (no cloak)
rCorr   .          Rampage  .   (gloves unavailable)
Will    .....                   (boots unavailable)
Stlth   +.........              (no amulet)
HPRegen 0.98/turn               (no ring)
MPRegen 0.09/turn               (no ring)

@: no status effects
A: large, unfitting armour, claws 3, regeneration 1, shaggy fur 1, tough skin 1
a: Renounce Religion, Receive Corpses


You were on level 4 of the Dungeon.
You worshipped Kikubaaqudgha.
Kikubaaqudgha was most pleased with you.
You visited 1 branch of the dungeon, and saw 4 of its levels.

You collected 131 gold pieces.

Inventory:

Hand Weapons
 k - the +8 quarterstaff "Soigalyu" {spect, rF+ Str-2 Dex+2 Stlth+}
   (You found it on level 2 of the Dungeon)

   When its wielder attacks, the weapon's spirit leaps out and strikes again.
   The spirit shares a part of any damage it takes with its wielder.
   Str:       It affects your strength (-2).
   Dex:       It affects your dexterity (+2).
   rF:        It protects you from fire.
   Stlth:     It makes you more stealthy.
 m - a +1 vorpal hunting sling
Missiles
 c - 2 throwing nets
 n - 10 large rocks
Armour
 a - a +0 robe (worn)
 b - a +0 hat (worn)
Jewellery
 p - a ring of resist corrosion
Wands
 r - a wand of flame (3)
 t - a wand of iceblast (14)
Scrolls
 d - 3 scrolls of identify {unknown}
 f - 3 scrolls of enchant weapon {unknown}
 i - 3 scrolls of summoning {unknown}
 j - 2 scrolls of magic mapping {unknown}
 l - a scroll of holy word {unknown}
 o - a scroll of teleportation {unknown}
 q - a scroll of fog {unknown}
Potions
 e - a potion of ambrosia {unknown}
 g - a potion of curing {unknown}
 h - a potion of cancellation {unknown}
 s - a potion of attraction {unknown}
 u - a potion of flight {unknown}


   Skills:
 - Level 1.5 Fighting
 - Level 1.7 Throwing
 - Level 2.4 Dodging
 * Level 6.1 Unarmed Combat
 + Level 2.8 Necromancy


You had 3 spell levels left.
You knew the following spells:

 Your Spells              Type           Power      Damage    Failure   Level
a - Animate Skeleton      Necr           6%         N/A       16%         1
b - Pain                  Necr           12%        1d4       16%         1

Your spell library contained the following spells:

 Spells                   Type           Power      Damage    Failure   Level
 Sublimation of Blood     Necr           3%         N/A       24%         2
 Vampiric Draining        Necr           3%         2d6       43%         3
 Gell's Gravitas          Tloc           0%         N/A       83%         3
 Lesser Beckoning         Tloc           0%         N/A       83%         3
 Teleport Other           Tloc           0%         N/A       83%         3
 Animate Dead             Necr           1%         N/A       85%         4
 Dispel Undead            Necr           3%         3d7       85%         4
 Excruciating Wounds      Necr           1%         N/A       99%         5
 Borgnjor's Vile Clutch   Necr/Erth      0%         N/A       100%        5
 Death Channel            Necr           1%         N/A       100%        6
 Dispersal                Tloc           0%         N/A       100%        6


Dungeon Overview and Level Annotations

Branches:
Dungeon (4/15)
 Temple: D:4-7

Altars:
Kikubaaqudgha

Shops:
D:2 (


Innate Abilities, Weirdness & Mutations

You are too large for most types of armour.
You have claws for hands.
Your natural rate of healing is unusually fast.
You are covered in fur. (AC +1)
You have tough skin. (AC +1)


Message History

You have reached level 6!
You feel stronger.
A hobgoblin comes into view.
The hobgoblin shouts!
You hear a shout!
An ogre comes into view. It is wielding a +0 giant spiked club.
Casting: Pain (safe; 16% risk of failure)
Confirm with . or Enter, or press ? or * to list all spells.
Okay, then.
Aiming: Pain (safe; 16% risk of failure)
Press: ? - help, Q - select action, (/) - cycle Shift-Dir - straight line, f - hobgoblin
Aim: a hobgoblin (chance to affect: 62%)
The hobgoblin resists with significant effort.
Aiming: Pain (safe; 16% risk of failure)
Press: ? - help, Q - select action, (/) - cycle Shift-Dir - straight line, f/p - hobgoblin
Aim: a hobgoblin (chance to affect: 62%)
The hobgoblin writhes in agony.
You closely miss the hobgoblin. You claw the hobgoblin.
The hobgoblin is severely wounded.
The hobgoblin hits you.
You mangle the hobgoblin!!
You kill the hobgoblin!
Kikubaaqudgha accepts your kill.
You claw the ogre!
The ogre is heavily wounded.
The ogre hits you with a +0 giant spiked club!!
Aiming: Pain (safe; 16% risk of failure)
Press: ? - help, Q - select action, (/) - cycle Shift-Dir - straight line, f - ogre
Aim: an ogre, wielding a +0 giant spiked club (heavily wounded, chance to affect: 44%)
The ogre writhes in agony.
You scratch the ogre.
The ogre is severely wounded.
The ogre hits you with a +0 giant spiked club!
Aiming: Pain (safe; 16% risk of failure)
Press: ? - help, Q - select action, (/) - cycle Shift-Dir - straight line, f/p - ogre
Aim: an ogre, wielding a +0 giant spiked club (severely wounded, chance to affect: 44%)
The ogre writhes in agony.
The ogre hits you with a +0 giant spiked club!!
Ouch! That really hurt!
You die...
Kikubaaqudgha rasps: "You have failed me!
Welcome... death!"

........##..........#
........##....†.....#
........##..........#
........##..........#
........##..........#
..#.....##..........#
........##..........#
........##..#########
...#....O@.##
#########


You could see an ogre.

Vanquished Creatures
  A black bear (D:4)
  An ogre (D:3)
  5 gnolls
  4 adders
  2 dart slugs
  2 orcs
  7 bats
  6 endoplasms
  3 giant cockroaches
  14 goblins
  12 hobgoblins
  5 quokkas
  5 ball pythons
  3 frilled lizards
  9 kobolds
  6 rats
85 creatures vanquished.

Notes
Turn   | Place    | Note
-------+----------+-------------------------------------------
     0 | D:1      | mcbry74 the Troll Gladiator began the quest for the Orb.
     0 | D:1      | Reached XP level 1. HP: 19/19 MP: 0/0
    25 | D:1      | Found a faded altar of an unknown god.
    34 | D:1      | Prayed at the altar of an unknown god.
    34 | D:1      | Became a worshipper of Kikubaaqudgha
    34 | D:1      | Reached * piety under Kikubaaqudgha
    34 | D:1      | Received a gift from Kikubaaqudgha
    70 | D:1      | Reached XP level 2. HP: 27/27 MP: 1/1
   385 | D:1      | Reached skill level 4 in Unarmed Combat
   385 | D:1      | Reached skill level 1 in Necromancy
   385 | D:1      | Reached XP level 3. HP: 29/33 MP: 2/2
   398 | D:1      | Learned a level 1 spell: Animate Skeleton
   400 | D:1      | Learned a level 1 spell: Pain
   442 | D:1      | Reached ** piety under Kikubaaqudgha
  1087 | D:2      | Found Qerghu's Weapon Shoppe.
  1124 | D:2      | Reached XP level 4. HP: 40/41 MP: 3/3
  1509 | D:2      | Identified the +8 quarterstaff "Soigalyu" {spect, rF+ Str-2
                  | Dex+2 Stlth+}
  1891 | D:3      | Reached skill level 5 in Unarmed Combat
  1916 | D:3      | Reached XP level 5. HP: 20/48 MP: 4/4
  2049 | D:3      | Reached *** piety under Kikubaaqudgha
  2049 | D:3      | Received a gift from Kikubaaqudgha
  2124 | D:3      | Noticed an ogre
  2148 | D:3      | Killed an ogre
  2599 | D:4      | Noticed a black bear
  2606 | D:4      | Killed a black bear
  2607 | D:4      | Reached skill level 6 in Unarmed Combat
  2607 | D:4      | Reached XP level 6. HP: 51/55 MP: 5/5
  2632 | D:4      | Mangled by an ogre

Illustrated notes

Levels and vault maps discovered:
D:1:      scummos_arrival_simple_fountains, layout_basic,
          shapermc_ecumenical_altar_mp_ritualfount
D:2:      layout_loops_corners, serial_shops, nicolae_shop_bloodbath_and_beyond,
          chequers_serial_rivers_micro_c
D:3:      layout_rooms, minmay_ogre_servants
D:4:      layout_rooms, minmay_unequal

Skill      XL: |  1  2  3  4  5 |
---------------+----------------+-----
Unarmed Combat | 4 5 6 |  6.1
Necromancy     | 1 2 |  2.8
Fighting       | |  1.5
Throwing       | |  1.7
Dodging        | |  2.4

Action                   |  1- 3 |  4- 6 || total
-------------------------+-------+-------++-------
Melee: Unarmed           |    76 |   104 ||   180
       Punch             |     1 |     3 ||     4
Throw: Throwing net      |       |     1 ||     1
 Cast: Animate Skeleton  |       |     5 ||     5
       Pain              |       |     7 ||     7
 Stab: Sleeping          |     1 |       ||     1
       Held in net/web   |       |     1 ||     1
Armor: Robe              |    26 |    22 ||    48
Dodge: Dodged            |    34 |    33 ||    67
